 Dungeon Crawl Stone Soup version 0.23.2-1-ga50397a6bc (webtiles) character file.

Game seed: 15605890775015016932

159 Menchi the Skirmisher (level 5, -2/61 HPs)
             Began as an Ogre Berserker on May 22, 2019.
             Was a Believer of Trog.
             Slain by an orc
             ... wielding a +0 trident
              (9 damage)
             ... on level 3 of the Dungeon.
             The game lasted 00:03:28 (2131 turns).

Menchi the Skirmisher (Ogre Berserker)              Turns: 2131, Time: 00:03:29

Health: -2/61      AC:  3    Str: 22    XL:     5   Next: 40%
Magic:  5/5        EV: 10    Int:  8    God:    Trog [**....]
Gold:   122        SH:  0    Dex:  8    Spells: 4/4 levels left

rFire    . . .     SeeInvis .   a - +0 hand axe
rCold    . . .     Gourm    .   (no shield)
rNeg     . . .     Faith    .   b - +0 animal skin
rPois    .         Spirit   .   (helmet restricted)
rElec    .         Reflect  .   (no cloak)
rCorr    .         Harm     .   (gloves unavailable)
MR       .....                  (boots unavailable)
Stlth    +.........             (no amulet)
HPRegen  0.20/turn              (no ring)
MPRegen  0.09/turn              (no ring)

@: berserk cooldown, slowed, very slow
A: large, unfitting armour, tough skin 1
a: Berserk, Trog's Hand, Renounce Religion


You were on level 3 of the Dungeon.
You worshipped Trog.
Trog was pleased with you.
You were not hungry.

You visited 1 branch of the dungeon, and saw 3 of its levels.

You collected 122 gold pieces.

Inventory:

Hand Weapons
 a - a +0 hand axe (weapon)
Armour
 b - a +0 animal skin (worn)
Jewellery
 j - an uncursed ring of protection from cold {unknown}
Scrolls
 d - 5 scrolls of identify {unknown}
 k - 3 scrolls of amnesia {unknown}
 l - a scroll of magic mapping {unknown}
 m - a scroll of enchant armour {unknown}
Potions
 e - 3 potions of curing {unknown}
 g - a potion of degeneration {unknown}
 h - a potion of brilliance {unknown}
 i - 2 potions of heal wounds {unknown}
Comestibles
 c - 5 rations
 f - 2 chunks of flesh


   Skills:
 * Level 6.5 Fighting
 + Level 4.1 Axes
 - Level 3.0 Dodging


You had 4 spell levels left.
You didn't know any spells.
Your spell library was empty.

Dungeon Overview and Level Annotations

Branches:
Dungeon (3/15)

Altars:
Cheibriados
Makhleb
Okawaru
Qazlal
Ru


Innate Abilities, Weirdness & Mutations

You are too large for most types of armour.
You have tough skin. (AC +1)


Message History

You eat one of the 4 chunks of flesh.
This raw flesh tastes terrible.
You are feeling hungry.
Eating one of 3 chunks of flesh.
You eat one of the 3 chunks of flesh.
This raw flesh tastes terrible.
An orc comes into view. It is wielding a +0 trident.
Things that are here:
2 tomahawks; a +0 leather armour You see here a +0 short sword.
You are too injured to fight recklessly!
You are too injured to fight recklessly!
The orc hits you with a +0 trident.
* * * LOW HITPOINT WARNING * * *
The orc completely misses you. The orc barely misses you.
The orc hits you with a +0 trident.
* * * LOW HITPOINT WARNING * * *
You closely miss the orc. The orc hits you with a +0 trident.
* * * LOW HITPOINT WARNING * * *
You barely miss the orc. The orc closely misses you.
The orc hits you with a +0 trident!
You die...

#o . #. #. ######..≈..
#.. #....#....##≈≈#
#.###....#...≈≈≈≈≈≈#
#>..o@...#..≈≈#≈_⌠≈#..
#..)()...#.≈≈≈#≈.>≈#..
####)#+###..≈≈≈≈≈≈≈#≈.
#().......≈#≈≈≈#≈≈≈ #
#.######...≈...≈≈≈≈ #.
#.#<...........≈≈..
##.##)#####............
#...[.# ######.#.####
#...###.# #.#.#


You could see an orc.

Vanquished Creatures
  An orc priest (D:3)
  7 adders (D:2)
  An ooze (D:2)
  3 dart slugs (D:1)
  2 leopard geckos
  8 orcs (D:3)
  4 ball pythons (D:2)
  5 bats
  A giant cockroach (D:1)
  4 goblins
  4 hobgoblins
  7 kobolds
  3 frilled lizards
  2 rats
52 creatures vanquished.

Notes
Turn   | Place    | Note
-------+----------+-------------------------------------------
     0 | D:1      | Menchi the Ogre Berserker began the quest for the Orb.
     0 | D:1      | Reached XP level 1. HP: 24/24 MP: 1/1
    30 | D:1      | Reached XP level 2. HP: 22/33 MP: 2/2
   382 | D:1      | Reached XP level 3. HP: 40/40 MP: 3/3
   692 | D:2      | Reached skill level 5 in Fighting
   971 | D:2      | Reached ** piety under Trog
   980 | D:2      | Reached XP level 4. HP: 30/50 MP: 4/4
  1731 | D:2      | Reached skill level 6 in Fighting
  1995 | D:3      | Found a stormy altar of Qazlal.
  2022 | D:3      | Found a burning altar of Makhleb.
  2031 | D:3      | Found an iron altar of Okawaru.
  2033 | D:3      | Found a sacrificial altar of Ru.
  2036 | D:3      | Found a snail-covered altar of Cheibriados.
  2092 | D:3      | Reached XP level 5. HP: 45/59 MP: 5/5
  2131 | D:3      | Slain by an orc

Skill      XL: |  1  2  3  4 |
---------------+-------------+-----
Dodging        | 3 |  3.0
Fighting       | 5 6 |  6.5
Axes           | 4 |  4.1

Action                   |  1- 3 |  4- 6 || total
-------------------------+-------+-------++-------
Melee: Hand axe          |   100 |    65 ||   165
Invok: Berserk           |       |     1 ||     1
  Eat: Chunk             |       |     5 ||     5
Armor: Animal skin       |    36 |    14 ||    50
Dodge: Dodged            |    72 |    36 ||   108
